 Dungeon Crawl Stone Soup version 0.27-a0-1291-geefcff550b (webtiles) character file.

Game seed: 16515391921490485864

65 thriggle the Ducker (level 4, -3/35 HPs)
             Began as a Human Monk on June 15, 2021.
             Killed by divine providence
             ... invoked by an orc priest
              (11 damage)
             ... on level 3 of the Dungeon.
             The game lasted 00:05:17 (1810 turns).

thriggle the Ducker (Human Monk)                    Turns: 1810, Time: 00:05:17

Health: -3/35      AC:  6    Str: 11 (13) XL:     4   Next: 34%
Magic:  4/4        EV: 13    Int:  8 (10) God:
Gold:   99         SH:  0    Dex: 13 (15) Spells: 3/3 levels left

rFire    . . .     SeeInvis .   a - +0 falchion
rCold    . . .     Faith    .   (no shield)
rNeg     . . .     Spirit   .   b - +0 robe
rPois    .         Reflect  .   (no helmet)
rElec    .         Harm     .   (no cloak)
rCorr    .         Rampage  .   (no gloves)
Will     .....                  (no boots)
Stlth    ++........             (no amulet)
HPRegen  0.11/turn              d - +4 ring of protection
MPRegen  0.09/turn              (no ring)

@: brilliant
A: no striking features
a: no special abilities


You were on level 3 of the Dungeon.
You visited 1 branch of the dungeon, and saw 3 of its levels.

You collected 99 gold pieces.

Inventory:

Hand Weapons
 a - a +0 falchion (weapon)
Missiles
 h - 40 stones (quivered)
Armour
 b - a +0 robe (worn)
Jewellery
 d - a +4 ring of protection (left hand)
Scrolls
 e - 2 scrolls of vulnerability
 g - a scroll of magic mapping
 k - a scroll of immolation {unknown}
 l - a scroll of teleportation {unknown}
Potions
 c - 2 potions of curing


   Skills:
 + Level 3.2 Fighting
 + Level 3.2 Long Blades
 + Level 1.3 Throwing
 + Level 1.1 Armour
 + Level 3.3 Dodging
 + Level 2.3 Stealth
 + Level 1.2 Invocations


You had 3 spell levels left.
You didn't know any spells.
Your spell library contained the following spells:

 Spells                   Type           Power      Damage    Failure   Level
 Confusing Touch          Hex            0%         N/A       78%         3
 Gell's Gravitas          Tloc           0%         N/A       78%         3
 Petrify                  Tmut/Erth      0%         N/A       99%         4
 Metabolic Englaciation   Hex/Ice        0%         N/A       100%        5
 Yara's Violent Unravell  Hex/Tmut       0%         3d3       100%        5


Dungeon Overview and Level Annotations

Branches:
Dungeon (3/15)

Altars:

Annotations:
D:3 Ijyb


Message History

You completely miss the orc. The orc barely misses you.
You hit the orc but do no damage.
Ijyb zaps a wand.
Your mind is blasted!
The orc priest mumbles some strange prayers to Beogh against you.
You barely resist. The orc hits you with a +0 dagger.
Unknown command.
You closely miss the orc. The orc hits you with a +0 dagger.
You barely miss the orc. The orc hits you with a +0 dagger.
It was a potion of degeneration.
There was something very wrong with that liquid.
You feel weakened.
You feel dopey.
You feel clumsy. The orc closely misses you.
It was a potion of brilliance.
You feel clever all of a sudden. Ijyb screams, "I no like you!"
The orc barely misses you.
You hit the orc but do no damage. The orc barely misses you.
You riposte.
You hit the orc.
The orc is severely wounded.
You hit the orc but do no damage.
The orc is severely wounded.
The orc barely misses you.
You hit the orc.
You kill the orc!
Ijyb zaps a wand.
Your mind is blasted!
You hit the orc priest.
The orc priest is lightly wounded.
The orc priest invokes the aid of Beogh against you.
Pain shoots through your body!
* * * LOW HITPOINT WARNING * * *
You hit the orc priest.
The orc priest is moderately wounded.
The orc priest hits you but does no damage.
You closely miss the orc priest.
The orc priest is moderately wounded.
The orc priest barely misses you.
You hit the orc priest but do no damage.
The orc priest is moderately wounded.
The orc priest calls down the wrath of Beogh upon you.
Beogh smites you!
You die...

#.#.........#
#...........#
#######.#...#
#.....#....####
#.#............
.####.#........####
.....#...#.##.#
###.###..#.###.# ...
#.........go@..#
.###
##...####..##### .
...........#... .!#
........##.#.##.....
..........>..(....).
........####)##.....
........# ...# ...
...#....# ..o.# . ##
#....#.....#


You could see Ijyb and an orc priest.

Vanquished Creatures
  3 adders (D:2)
  A worm (D:2)
  2 orcs (D:3)
  2 endoplasms (D:2)
  2 giant cockroaches (D:1)
  3 hobgoblins
  3 quokkas (D:1)
  4 ball pythons
  6 bats
  3 frilled lizards
  4 rats (D:1)
33 creatures vanquished.

Notes
Turn   | Place    | Note
-------+----------+-------------------------------------------
     0 | D:1      | thriggle the Human Monk began the quest for the Orb.
     0 | D:1      | Reached XP level 1. HP: 18/18 MP: 1/1
   161 | D:1      | Reached XP level 2. HP: 24/24 MP: 2/2
   717 | D:2      | Reached XP level 3. HP: 29/29 MP: 3/3
   818 | D:2      | Reached skill level 1 in Throwing
   839 | D:2      | Reached skill level 1 in Armour
   839 | D:2      | Reached skill level 1 in Invocations
  1291 | D:2      | Reached XP level 4. HP: 31/35 MP: 4/4
  1791 | D:3      | Noticed Ijyb
  1810 | D:3      | Killed from afar by an orc priest

Illustrated notes

Levels and vault maps discovered:
D:1:      saegor_arrival_simple_c, layout_basic
D:2:      layout_basic, kennysheep_generic_room_7
D:3:      cheibrodos_greedy_goblins, layout_basic, uniq_ijyb

Skill      XL: |  1  2  3 |
---------------+----------+-----
Throwing       | 1 |  1.3
Armour         | 1 |  1.1
Invocations    | 1 |  1.2
Fighting       | |  3.2
Long Blades    | |  3.2
Dodging        | |  3.3
Stealth        | |  2.3

Action                   |  1- 3 |  4- 6 || total
-------------------------+-------+-------++-------
Melee: Falchion          |    95 |    22 ||   117
Throw: Stone             |     9 |     4 ||    13
  Use: Scroll            |     2 |     1 ||     3
       Potion            |       |     2 ||     2
 Stab: Sleeping          |     6 |     2 ||     8
Armor: Robe              |    33 |     3 ||    36
Dodge: Dodged            |    82 |    15 ||    97
       Rpst.: Falchion   |    24 |     4 ||    28

Table legend: (Time is in decaauts)
 A = Elapsed time spent in this place.
 B = Non-inter-level travel time spent in this place.
 C = Inter-level travel time spent in this place.
 D = Time resting spent in this place.
 E = Time spent auto-exploring this place.
 F = Levels seen in this place.
 G = Mean time per level.
                   A        B        C        D        E       F      G
               +--------+--------+--------+--------+--------+-----+--------+
         Total |   1826 |   1785 |     41 |    304 |    942 |   3 |  608.7 |
       Dungeon |   1826 |   1785 |     41 |    304 |    942 |   3 |  608.7 |
               +--------+--------+--------+--------+--------+-----+--------+

Top non-repeatable levels by time:
     D:2: 1174 daAuts
     D:1: 593 daAuts
     D:3: 57 daAuts
